Map: Central Protocol

Players

InZaNe - Winner!

  • Race: Terran Terran
  • League: Master

Össy

  • Race: Zerg Zerg
  • League: Master

Event: DreamHack ZOWIE Open Leipzig

VOD

Have the link to the VOD?

Description

Time

  • Played on: Jan. 22, 2016, 7:50 a.m.
  • Length: 3:51

All games in this series

Show
View Real Time Build Order
Export as new Build Order

InZaNe Terran - Winner!

Build Orders:  

Get SALT Encoding   

  12  0:00  SCV  
  13  0:13  SCV  
  14  0:17  Supply Depot  
  14  0:25  SCV  
  15  0:31  Refinery  
  15  0:38  SCV  
  16  0:44  Barracks  
  16  0:51  SCV  
  17  1:03  SCV  
  18  1:06  Barracks  
  18  1:15  SCV  
  19  1:22  Barracks  
  19  1:27  SCV  
  20  1:34  Reaper  
  21  1:43  SCV  
  21  1:45  Supply Depot  
  22  1:54  Reaper  
  23  1:58  Orbital Command  
  23  2:07  Reaper, Refinery  
  24  2:10  Reaper  
  25  2:20  Supply Depot  
  25  2:29  Reaper  
  26  2:36  SCV  
  27  2:48  SCV  
  28  2:53  Reaper  
  28  2:54  Reaper  
  30  3:00  SCV  
  30  3:01  Reaper  
  32  3:16  Command Center  
  32  3:26  SCV  
Show
View Real Time Build Order
Export as new Build Order

Össy Zerg 

Build Orders: Hatch First 

Get SALT Encoding   

  12  0:00  Drone  
  13  0:12  Overlord  
  13  0:18  Drone  
  14  0:31  Drone x2  
  14  0:35  Drone  
  17  0:53  Hatchery  
  17  0:56  Drone  
  17  1:02  Drone  
  18  1:11  Extractor  
  18  1:16  Spawning Pool  
  16  1:19  Drone  
  16  1:22  Drone  
  18  1:28  Drone  
  19  1:47  Drone  
  19  1:52  Overlord  
  20  2:03  Queen  
  20  2:05  Zergling x4  
  20  2:07  Queen  
  26  2:15  Metabolic Boost  
  26  2:16  Drone  
  26  2:19  Zergling x2  
  28  2:28  Zergling x2  
  29  2:35  Zergling x2  
  29  2:38  Zergling x2  
  29  2:40  Drone  
  29  2:42  Queen  
  32  2:58  Zergling x2  
  32  3:00  Zergling x6  
  35  3:06  Roach Warren  
  35  3:08  Drone  
  35  3:10  Zergling x2  
  35  3:16  Zergling x4  
  33  3:23  Zergling x4  
  32  3:31  Zergling x4  

Tags
 
Add a new tag
Caveats
  • Supply blocks, unpowered buildings, or Contaminate may cause inaccurate times.
  • Supply counts are checked every 10 seconds.